 Dungeon Crawl Stone Soup version 0.22.1-1-ga44c0e56f4 (webtiles) character file.

71 Ivernyr the Magician (level 4, 36/36 HPs)
             Began as a Draconian Wizard on Oct 6, 2018.
             Quit the game on level 3 of the Dungeon on Oct 7, 2018.
             The game lasted 00:06:58 (2678 turns).

Ivernyr the Magician (Draconian Wizard)             Turns: 2678, Time: 00:06:58

Health: 36/36      AC:  5    Str: 10    XL:     4   Next: 5%
Magic:  0/9        EV: 12    Int: 19    God:
Gold:   93         SH:  0    Dex:  9    Spells: 1/10 levels left

rFire    . . .     SeeInvis .   (no weapon)
rCold    . . .     Gourm    .   (no shield)
rNeg     . . .     Faith    .   (armour unavailable)
rPois    .         Spirit   .   a - +0 hat
rElec    .         Reflect  .   (no cloak)
rCorr    .         Harm     .   (no gloves)
MR       .....                  (no boots)
Stlth    ++........             (no amulet)
HPRegen  0.12/turn              (no ring)
MPRegen  0.11/turn              (no ring)

@: very slightly contaminated
A: unfitting armour, cold-blooded, AC +5
a: no special abilities


You were on level 3 of the Dungeon.
You were not hungry.

You visited 1 branch of the dungeon, and saw 3 of its levels.

You collected 93 gold pieces.

Inventory:

Armour
 a - a +0 hat (worn)
Scrolls
 b - a scroll of random uselessness {unknown}
 e - 2 scrolls of amnesia {unknown}
 f - a scroll of remove curse {unknown}
 g - 3 scrolls of teleportation {unknown}
 h - 4 scrolls of blinking {unknown}
 i - a scroll of identify {unknown}
Potions
 d - a potion of cancellation {unknown}
 j - 3 potions of curing {unknown}
 k - a potion of mutation {unknown}
Comestibles
 c - 4 rations


   Skills:
 + Level 1.7 Fighting
 - Level 1.7 Dodging
 - Level 1.7 Stealth
 + Level 3.9 Spellcasting
 * Level 2.2 Conjurations
   Level 1.0 Summonings
 - Level 1.0 Translocations


You had one spell level left.
You knew the following spells:

 Your Spells              Type           Power        Failure   Level  Hunger
a - Magic Dart            Conj           ##..         5%          1    None
b - Blink                 Tloc           N/A          14%         2    ##.....
c - Conjure Flame         Conj/Fire      #.......     26%         3    ###....
d - Mephitic Cloud        Conj/Pois/Air  #.......     30%         3    ###....

Your spell library contained the following spells:

 Spells                   Type           Power        Failure   Level  Hunger
 Call Imp                 Summ           #.......     14%         2    ##.....
 Slow                     Hex            #.......     22%         2    ##.....


Dungeon Overview and Level Annotations

Branches:
Dungeon (3/15)

Altars:


Innate Abilities, Weirdness & Mutations

Your plain brown scales are hard. (AC +5)
You cannot fit into any form of body armour.
You are cold-blooded and may be slowed by cold attacks.


Message History

The magic dart hits the dart slug.
The dart slug is moderately wounded.
Casting: Magic Dart (safe; 5% risk of failure)
Confirm with . or Enter, or press ? or * to list all spells.
Aiming: Magic Dart (safe; 5% risk of failure)
Press: ? - help, Shift-Dir - straight line, f/p - dart slug
Aim: a dart slug (moderately wounded)
The magic dart hits the dart slug.
The dart slug is severely wounded.
Casting: Magic Dart (safe; 5% risk of failure)
Confirm with . or Enter, or press ? or * to list all spells.
Aiming: Magic Dart (safe; 5% risk of failure)
Press: ? - help, Shift-Dir - straight line, f/p - dart slug
Aim: a dart slug (severely wounded, clinging)
You miscast Magic Dart.
You feel a strange surge of energy!
Casting: Magic Dart (safe; 5% risk of failure)
Confirm with . or Enter, or press ? or * to list all spells.
You don't have enough magic to cast that spell.
No previous command to re-do.
Are you sure you want to abandon this character and quit the game? (Confirm

.. .. ..
.#.#.#.#
.......
####.#.#.#
.......#.#
.........####
#.........#
#..<.# ##.#@#
#.##.).....#
#.# ####.###.
#. w. . ... .
.. #. .


You could see a dart slug.

Vanquished Creatures
  2 adders
  A worm (D:2)
  A dart slug (D:2)
  4 leopard geckos
  A ball python (D:1)
  6 goblins
  6 hobgoblins
  6 jackals (D:2)
  2 kobolds
  5 bats
  2 frilled lizards (D:2)
  5 rats
41 creatures vanquished.

Notes
Turn   | Place    | Note
-------+----------+-------------------------------------------
     0 | D:1      | Ivernyr the Draconian Wizard began the quest for the Orb.
     0 | D:1      | Reached XP level 1. HP: 14/14 MP: 4/4
   283 | D:1      | Reached XP level 2. HP: 22/22 MP: 3/6
   315 | D:1      | Learned a level 2 spell: Blink
   735 | D:1      | Reached skill level 1 in Fighting
  1287 | D:2      | Reached XP level 3. HP: 12/28 MP: 0/8
  2193 | D:2      | Learned a level 3 spell: Conjure Flame
  2197 | D:2      | Learned a level 3 spell: Mephitic Cloud
  2664 | D:3      | Reached XP level 4. HP: 36/36 MP: 2/9
  2678 | D:3      | Quit the game

Skill      XL: |  1  2  3 |
---------------+----------+-----
Fighting       | 1 |  1.7
Conjurations   | 2 |  2.2
Dodging        | |  1.7
Stealth        | |  1.7
Spellcasting   | |  3.9
Summonings     | |  1.0
Translocations | |  1.0

Action                   |  1- 3 |  4- 6 || total
-------------------------+-------+-------++-------
Melee: Unarmed           |    84 |       ||    84
       Tailslap          |     3 |       ||     3
 Cast: Magic Dart        |   103 |     3 ||   106
  Eat: Chunk             |     4 |     1 ||     5
Armor: Skin              |    25 |       ||    25
Dodge: Dodged            |    75 |       ||    75
